[Event "IOM Open-Masters 2017"]
[Site "Douglas"]
[Date "2017.09.23"]
[Round "1"]
[White "Kojima, Shinya"]
[Black "Dahl, Baard"]
[Result "1-0"]
[ECO "A00"]
[WhiteElo "2403"]
[BlackElo "1974"]
[Annotator "ChessBase"]
[PlyCount "57"]
[EventDate "2017.??.??"]
[EventType "swiss"]
[EventCountry "GBR"]
[SourceTitle "playchess.com"]
[Source "ChessBase"]
[SourceQuality "1"]
[TimeControl "40/6000+30:20/3000+30:900+30"]

1. Nf3 Nf6 2. c4 c5 3. Nc3 d5 4. cxd5 Nxd5 5. e4 Nb4 6. Bc4 Nd3+ 7. Ke2 Nf4+ 8. Kf1 Nd3 9. Qe2 Nxc1 10. Rxc1 a6 11. h4 e6 12. e5 b5 13. Bd3 Nc6 14. Rh3 Bb7 15. Ng5 Be7 16. Bxh7 Bxg5 17. hxg5 Qxg5 18. Ne4 Qxe5 19. Rxc5 Qd4 20. Rcc3 Ne5 21. f4 Nc4 22. Rcd3 Qxb2 23. Nc5 Bd5 24. Rxd5 Rxh7 25. Rxh7 Qb1+ 26. Kf2 Qxh7 27. Nxe6 Qh4+ 28. Kf1 Ra7 29. Nc7+ 1-0

[Event "IOM Open-Masters 2017"]
[Site "Douglas"]
[Date "2017.09.23"]
[Round "1"]
[White "Eggleston, David J"]
[Black "Pranav, V."]
[Result "1-0"]
[ECO "A00"]
[WhiteElo "2400"]
[BlackElo "2372"]
[Annotator "ChessBase"]
[PlyCount "109"]
[EventDate "2017.??.??"]
[EventType "swiss"]
[EventCountry "GBR"]
[SourceTitle "playchess.com"]
[Source "ChessBase"]
[SourceQuality "1"]
[TimeControl "40/6000+30:20/3000+30:900+30"]

1. e4 e5 2. Nf3 Nc6 3. Bb5 a6 4. Ba4 d6 5. c3 Bd7 6. d4 g6 7. O-O Bg7 8. Re1 Nge7 9. d5 Na5 10. b4 Nc4 11. Bb3 b5 12. Bxc4 bxc4 13. Nbd2 O-O 14. Nxc4 f5 15. a4 fxe4 16. Ng5 Bf5 17. Nxe4 Bxe4 18. Rxe4 Qc8 19. Ne3 Qb7 20. Rb1 Rf4 21. f3 Rxe4 22. fxe4 Rf8 23. Ng4 c6 24. c4 cxd5 25. cxd5 h5 26. Nf2 Qb6 27. Qe2 Nc8 28. b5 axb5 29. axb5 Qa5 30. Be3 Nb6 31. Qc2 Bf6 32. Nd3 Bd8 33. h3 Qa3 34. Qb3 Qa5 35. Kh2 Rf7 36. Nb4 Bc7 37. Nc6 Qa8 38. Kg1 Kg7 39. Rc1 Kh7 40. Nxe5 dxe5 41. d6 Qg8 42. Rxc7 Nd7 43. Qd5 Qf8 44. b6 g5 45. b7 g4 46. Qxf7+ Qxf7 47. Rxd7 Qxd7 48. b8=Q gxh3 49. Qc7 Qxc7 50. dxc7 hxg2 51. c8=Q Kg6 52. Qe6+ Kh7 53. Qf7+ Kh8 54. Bh6 h4 55. Qg7# 1-0

[Event "IOM Open-Masters 2017"]
[Site "Douglas"]
[Date "2017.09.23"]
[Round "1"]
[White "Bellin, Robert"]
[Black "Frank, Tena"]
[Result "1-0"]
[ECO "A00"]
[WhiteElo "2344"]
[BlackElo "2002"]
[Annotator "NA"]
[PlyCount "87"]
[EventDate "2017.??.??"]
[EventType "swiss"]
[EventCountry "GBR"]
[SourceTitle "playchess.com"]
[Source "ChessBase"]
[SourceQuality "1"]
[TimeControl "40/6000+30:20/3000+30:900+30"]

1. Nf3 c5 2. c4 Nc6 3. b3 b6 4. Bb2 Bb7 5. e3 e6 6. Be2 Nf6 7. O-O d5 8. cxd5 Nxd5 9. d4 Qc7 10. Nbd2 O-O-O 11. Rc1 Kb8 12. a3 f6 13. dxc5 Bxc5 14. b4 Nxe3 15. fxe3 Bxe3+ 16. Kh1 Qf7 17. Bb5 Nd4 18. Bxd4 Bxd4 19. Qb3 Qh5 20. Bc6 e5 21. Bxb7 Kxb7 22. Nxd4 Rxd4 23. Nf3 Rd7 24. Rfd1 Qf5 25. Rxd7+ Qxd7 26. Rd1 Qc7 27. Qb1 g6 28. Qe4+ Kb8 29. Qd5 Rc8 30. h3 Qc2 31. Qd6+ Kb7 32. Re1 Qf5 33. Qd5+ Kb8 34. Rf1 Rc2 35. Nh2 Qg5 36. Rd1 Rc1 37. Qg8+ Kb7 38. Qxh7+ Rc7 39. Qg8 e4 40. Nf1 e3 41. Qe6 Rc3 42. Re1 Rxa3 43. Nxe3 Rd3 44. Qe4+ 1-0

[Event "IOM Open-Masters 2017"]
[Site "Douglas"]
[Date "2017.09.23"]
[Round "1"]
[White "Vaishali, R."]
[Black "Babar, Michael"]
[Result "0-1"]
[ECO "A00"]
[WhiteElo "2329"]
[BlackElo "2130"]
[Annotator "NA"]
[PlyCount "88"]
[EventDate "2017.??.??"]
[EventType "swiss"]
[EventCountry "GBR"]
[SourceTitle "playchess.com"]
[Source "ChessBase"]
[SourceQuality "1"]
[TimeControl "40/6000+30:20/3000+30:900+30"]

1. e4 d6 2. d4 Nf6 3. Nc3 e5 4. Nf3 exd4 5. Nxd4 Be7 6. g3 d5 7. e5 Ng4 8. Bg2 O-O 9. Nxd5 Bc5 10. c3 c6 11. Ne3 Nxe5 12. O-O Re8 13. b4 Bf8 14. Bb2 a5 15. a3 Qc7 16. Qc2 Nbd7 17. Rfe1 Nf6 18. b5 c5 19. Nf3 c4 20. Nxe5 Rxe5 21. a4 Be6 22. Ba3 Bxa3 23. Rxa3 Ng4 24. Qc1 Rd8 25. Ra2 Nxe3 26. Rxe3 Rxe3 27. Qxe3 Rd1+ 28. Bf1 Qd8 29. Re2 h6 30. Re1 Qd2 31. Qxd2 Rxd2 32. Re4 Rd1 33. g4 Rc1 34. f4 Bxg4 35. Kf2 Rxc3 36. Bxc4 Kf8 37. b6 Bd7 38. Be2 Rb3 39. Re5 Bxa4 40. Rxa5 Bc6 41. Ra8+ Ke7 42. Rg8 g6 43. Rh8 Rh3 44. Kg1 Bd5 0-1

[Event "IOM Open-Masters 2017"]
[Site "Douglas"]
[Date "2017.09.23"]
[Round "1"]
[White "Mannion, Stephen R"]
[Black "Roberson, Peter T"]
[Result "0-1"]
[ECO "A00"]
[WhiteElo "2320"]
[BlackElo "2403"]
[Annotator "ChessBase"]
[PlyCount "126"]
[EventDate "2017.??.??"]
[EventType "swiss"]
[EventCountry "GBR"]
[SourceTitle "playchess.com"]
[Source "ChessBase"]
[SourceQuality "1"]
[TimeControl "40/6000+30:20/3000+30:900+30"]

1. e4 e6 2. d4 d5 3. Nd2 c5 4. exd5 Qxd5 5. dxc5 Nf6 6. Ngf3 Qxc5 7. Bd3 Nbd7 8. O-O Qc7 9. a4 Nc5 10. Bb5+ Bd7 11. Nc4 a6 12. Bxd7+ Ncxd7 13. Qd4 Bc5 14. Bf4 Qc6 15. Qd3 O-O 16. Nfe5 Nxe5 17. Nxe5 Qd5 18. Qxd5 Nxd5 19. Bg3 Rfd8 20. Rfd1 Rac8 21. c3 f6 22. Nd3 Ba7 23. Nf4 Nxf4 24. Bxf4 e5 25. Be3 Bxe3 26. fxe3 Kf7 27. Kf2 Rxd1 28. Rxd1 Ke6 29. Ke2 h5 30. Ra1 Rc4 31. Ra3 Kd6 32. h3 e4 33. a5 Kc7 34. Kd2 h4 35. Ra2 Rc5 36. Ke2 Rg5 37. Kf2 Rf5+ 38. Ke2 Rg5 39. Kf2 Rd5 40. Ke2 f5 41. Ra4 Kc6 42. Rc4+ Rc5 43. Ra4 g5 44. Kf2 Kd5 45. Rb4 Rb5 46. Rd4+ Ke5 47. b4 Rd5 48. Rc4 f4 49. Rc7 Rd2+ 50. Kf1 Ra2 51. Rc5+ Kf6 52. Rc4 Ra1+ 53. Kf2 Ra2+ 54. Kf1 f3 55. Rxe4 Rxg2 56. c4 Rh2 57. c5 Rxh3 58. c6 bxc6 59. Rc4 Kf5 60. Rxc6 Rh1+ 61. Kf2 Rh2+ 62. Kf1 Rb2 63. Rxa6 h3 0-1

[Event "IOM Open-Masters 2017"]
[Site "Douglas"]
[Date "2017.09.23"]
[Round "1"]
[White "Ojas, Kulkarni"]
[Black "Allen, Keith"]
[Result "1-0"]
[ECO "A00"]
[WhiteElo "2289"]
[BlackElo "2231"]
[Annotator "NA"]
[PlyCount "59"]
[EventDate "2017.??.??"]
[EventType "swiss"]
[EventCountry "GBR"]
[TimeControl "40/6000+30:20/3000+30:900+30"]

1. c4 e6 2. g3 d5 3. Nf3 dxc4 4. Bg2 Nf6 5. Qa4+ Nbd7 6. Qxc4 a6 7. Qc2 Be7 8. O-O O-O 9. d4 Re8 10. Rd1 Ra7 11. Nc3 Nb8 12. e4 Bd7 13. d5 Qc8 14. Be3 Ra8 15. h3 exd5 16. e5 Bf5 17. Qb3 Nfd7 18. Nxd5 Nc6 19. Nd4 Nxd4 20. Bxd4 c6 21. Nxe7+ Rxe7 22. g4 Be6 23. Qa3 Qe8 24. f4 g6 25. Qg3 Rc8 26. f5 Bd5 27. Bxd5 cxd5 28. Rac1 Rxc1 29. Rxc1 Nxe5 30. f6 1-0

[Event "IOM Open-Masters 2017"]
[Site "Douglas"]
[Date "2017.09.23"]
[Round "1"]
[White "Loew, Gerald"]
[Black "Heimisson, Hilmir Freyr"]
[Result "1/2-1/2"]
[ECO "A00"]
[WhiteElo "2262"]
[BlackElo "2185"]
[Annotator "NA"]
[PlyCount "78"]
[EventDate "2017.??.??"]
[EventType "swiss"]
[EventCountry "GBR"]
[SourceTitle "playchess.com"]
[Source "ChessBase"]
[SourceQuality "1"]
[TimeControl "40/6000+30:20/3000+30:900+30"]

1. c4 c6 2. e4 d6 3. d4 f5 4. Nc3 Nf6 5. Bd3 fxe4 6. Nxe4 Nxe4 7. Bxe4 g6 8. Nf3 Bg7 9. Ng5 d5 10. Bc2 Qd6 11. Qf3 Rf8 12. c5 Qc7 13. Qe3 Rf6 14. O-O h6 15. Nf3 Nd7 16. Re1 Nf8 17. Ne5 Bf5 18. Bxf5 Rxf5 19. g4 Rf6 20. Qh3 g5 21. Qh5+ Kd8 22. h4 Qa5 23. Be3 Ne6 24. hxg5 Nxg5 25. Bxg5 hxg5 26. Qxg5 Bf8 27. Qe3 Qc7 28. g5 Rf5 29. g6 Ke8 30. Nf7 Rf6 31. Qg5 Qf4 32. Qxf4 Rxf4 33. Re6 Bg7 34. Rae1 Bf6 35. R1e3 Rg4+ 36. Rg3 Rxg6 37. Rxg6 Kxf7 38. Rgxf6+ exf6 39. Re3 Rg8+ 1/2-1/2

[Event "IOM Open-Masters 2017"]
[Site "Douglas"]
[Date "2017.09.23"]
[Round "1"]
[White "Seyfried, Claus"]
[Black "Houska, Jovanka"]
[Result "0-1"]
[ECO "A00"]
[WhiteElo "2173"]
[BlackElo "2393"]
[Annotator "NA"]
[PlyCount "50"]
[EventDate "2017.??.??"]
[EventType "swiss"]
[EventCountry "GBR"]
[SourceTitle "playchess.com"]
[Source "ChessBase"]
[SourceQuality "1"]
[TimeControl "40/6000+30:20/3000+30:900+30"]

1. e4 c6 2. d4 d5 3. exd5 cxd5 4. c4 Nf6 5. Nc3 Nc6 6. Nf3 Be6 7. c5 g6 8. Bb5 Bg7 9. Ne5 Qc8 10. Qa4 Bd7 11. O-O O-O 12. Re1 e6 13. b4 Nxe5 14. dxe5 a6 15. Bxd7 Nxd7 16. Bb2 a5 17. bxa5 Nxc5 18. Qd4 Rxa5 19. Rac1 b6 20. a4 Qa6 21. Ba3 Nb3 22. Qd1 Nxc1 23. Bxf8 Bxf8 24. Qxc1 Qc4 25. h3 Rc5 0-1

[Event "IOM Open-Masters 2017"]
[Site "Douglas"]
[Date "2017.09.23"]
[Round "1"]
[White "Maloberti, David"]
[Black "Piasetski, Leon"]
[Result "1/2-1/2"]
[ECO "A00"]
[WhiteElo "2132"]
[BlackElo "2286"]
[Annotator "NA"]
[PlyCount "101"]
[EventDate "2017.??.??"]
[EventType "swiss"]
[EventCountry "GBR"]
[SourceTitle "playchess.com"]
[Source "ChessBase"]
[SourceQuality "1"]
[TimeControl "40/6000+30:20/3000+30:900+30"]

1. d4 Nf6 2. c4 e6 3. Nf3 Bb4+ 4. Bd2 c5 5. e3 b6 6. a3 Bxd2+ 7. Qxd2 Bb7 8. Nc3 Bxf3 9. gxf3 cxd4 10. Qxd4 Nc6 11. Qd6 Qe7 12. Nb5 Qxd6 13. Nxd6+ Ke7 14. Rd1 Ne8 15. Nxe8 Rhxe8 16. Rg1 g6 17. Rg5 a6 18. f4 h6 19. Rg3 Ra7 20. e4 d6 21. Rb3 Rb8 22. Rbd3 Rd8 23. Be2 Rad7 24. Rh3 h5 25. f5 e5 26. fxg6 fxg6 27. Rg3 Kf6 28. Kd2 Nd4 29. Rdg1 Rg7 30. Bxh5 Rdg8 31. Bg4 Rh8 32. h3 a5 33. Rf1 g5 34. b3 Rc7 35. Rc3 Rb8 36. Rb1 b5 37. cxb5 Rxc3 38. Kxc3 Nxb5+ 39. Kb2 d5 40. exd5 e4 41. a4 Nd6 42. Kc3 Ke5 43. b4 Rb7 44. Rb2 Rc7+ 45. Kb3 Rb7 46. b5 Kxd5 47. Rd2+ Ke5 48. Rc2 Kd5 49. Rd2+ Ke5 50. Rc2 Kd5 51. Rd2+ 1/2-1/2

[Event "IOM Open-Masters 2017"]
[Site "Douglas"]
[Date "2017.09.23"]
[Round "1"]
[White "Fischer, Daniel"]
[Black "Mai, Aron Thor"]
[Result "1-0"]
[ECO "A00"]
[WhiteElo "2100"]
[BlackElo "2038"]
[Annotator "NA"]
[PlyCount "55"]
[EventDate "2017.??.??"]
[EventType "swiss"]
[EventCountry "GBR"]
[SourceTitle "playchess.com"]
[Source "ChessBase"]
[SourceQuality "1"]
[TimeControl "40/6000+30:20/3000+30:900+30"]

1. e4 c6 2. d4 d5 3. Nc3 dxe4 4. Nxe4 Bf5 5. Ng3 Bg6 6. Nf3 e6 7. Bc4 Nd7 8. O-O Ngf6 9. Re1 Be7 10. Bb3 O-O 11. Nh4 Re8 12. Nxg6 hxg6 13. c3 Qc7 14. Qf3 a5 15. a4 Rad8 16. Bc2 Nb6 17. Bf4 Bd6 18. Bg5 Nbd5 19. Bb3 Be7 20. Bc4 Nd7 21. Bd2 N7f6 22. h4 c5 23. Bb5 Rf8 24. dxc5 Bxc5 25. Bg5 Be7 26. Rad1 Ne8 27. Rxd5 Bxg5 28. Rxg5 1-0

[Event "IOM Open-Masters 2017"]
[Site "Douglas"]
[Date "2017.09.23"]
[Round "1"]
[White "Kruse, Janik"]
[Black "Zwahr, Paul"]
[Result "0-1"]
[ECO "A00"]
[WhiteElo "2096"]
[BlackElo "2306"]
[Annotator "NA"]
[PlyCount "116"]
[EventDate "2017.??.??"]
[EventType "swiss"]
[EventCountry "GBR"]
[SourceTitle "playchess.com"]
[Source "ChessBase"]
[SourceQuality "1"]
[TimeControl "40/6000+30:20/3000+30:900+30"]

1. d4 Nf6 2. c4 g6 3. Nc3 Bg7 4. e4 d6 5. f3 O-O 6. Be3 c5 7. Nge2 Nc6 8. d5 Ne5 9. Ng3 h5 10. Be2 h4 11. Nf1 e6 12. h3 exd5 13. cxd5 Nh7 14. Nh2 g5 15. O-O Ng6 16. Qc2 Be5 17. Ng4 Bf4 18. Bf2 Nf6 19. Bd3 Nxg4 20. fxg4 Bd7 21. Ne2 Be5 22. Be3 b5 23. Qd2 f6 24. Rac1 a5 25. Bb1 Kg7 26. Kh1 Qe7 27. Rf3 a4 28. Rcf1 Qd8 29. Qc1 Rc8 30. Qd2 Qb6 31. R1f2 Qa6 32. Bd3 Ra8 33. Qc1 Qa5 34. Bd2 Qc7 35. Be3 Rac8 36. Rf1 c4 37. Bb1 b4 38. Bd2 Qb7 39. Qe1 Rb8 40. Bc1 Qb5 41. Qf2 Qb7 42. Be3 Qc7 43. Nd4 c3 44. Bd3 cxb2 45. Qxb2 Qc3 46. Qe2 Rfc8 47. Nf5+ Kh8 48. Rc1 Qxc1+ 49. Bxc1 Rxc1+ 50. Rf1 Rbc8 51. g3 hxg3 52. Qd2 R1c3 53. Ne3 Nf4 54. Bb1 Rxe3 55. Qxe3 g2+ 56. Kg1 gxf1=Q+ 57. Kxf1 Bb5+ 58. Kg1 Bd4 0-1

[Event "IOM Open-Masters 2017"]
[Site "Douglas"]
[Date "2017.09.23"]
[Round "1"]
[White "Burrows, Martin P"]
[Black "Jessel, Stephen"]
[Result "0-1"]
[ECO "A00"]
[WhiteElo "2085"]
[BlackElo "2334"]
[Annotator "NA"]
[PlyCount "120"]
[EventDate "2017.??.??"]
[EventType "swiss"]
[EventCountry "GBR"]
[SourceTitle "playchess.com"]
[Source "ChessBase"]
[SourceQuality "1"]
[TimeControl "40/6000+30:20/3000+30:900+30"]

1. e4 b6 2. d4 Bb7 3. Bd3 e6 4. Nf3 d6 5. c4 h6 6. Nc3 g6 7. Be3 Bg7 8. O-O Ne7 9. Nd2 O-O 10. f4 f5 11. Qe2 Nbc6 12. d5 exd5 13. exd5 Nb4 14. Nf3 c5 15. dxc6 Nexc6 16. a3 Bxc3 17. bxc3 Nxd3 18. Qxd3 Na5 19. Nd2 Qc7 20. Bd4 Rfe8 21. Rae1 Kh7 22. h4 h5 23. Qg3 Nxc4 24. Nxc4 Qxc4 25. Qg5 Qf7 26. Kh2 Ba6 27. Rxe8 Rxe8 28. Rf3 Bb7 29. Re3 Be4 30. Re2 Qe7 31. Bf6 Qf8 32. Bd4 Re6 33. Kg3 Qe7 34. Rd2 Qxg5+ 35. hxg5 d5 36. c4 dxc4 37. Be5 Bd3 38. Kf2 Kg8 39. Ke3 Rc6 40. Rd1 Kf7 41. Kd4 Be4 42. Kc3 Bxg2 43. Rd7+ Ke6 44. Rg7 Kd5 45. Bf6 h4 46. Rxg6 h3 47. Rh6 Ke4 48. g6 Rxf6 49. g7 Rxh6 50. g8=Q Kf3 51. Qd5+ Kg3 52. Qxf5 h2 53. Qg5+ Kf2 54. Qxh6 h1=Q 55. Qxh1 Bxh1 56. Kxc4 Bc6 57. f5 Ke3 58. f6 Be8 59. Kd5 Kd3 60. Kd6 Kc4 0-1

[Event "IOM Open-Masters 2017"]
[Site "Douglas"]
[Date "2017.09.23"]
[Round "1"]
[White "Maroroa, Sue"]
[Black "Ledger, Andrew J"]
[Result "0-1"]
[ECO "A00"]
[WhiteElo "2083"]
[BlackElo "2361"]
[Annotator "NA"]
[PlyCount "62"]
[EventDate "2017.??.??"]
[EventType "swiss"]
[EventCountry "GBR"]
[SourceTitle "playchess.com"]
[Source "ChessBase"]
[SourceQuality "1"]
[TimeControl "40/6000+30:20/3000+30:900+30"]

1. e4 c6 2. d4 d5 3. e5 Bf5 4. h4 Qc7 5. g4 Bd7 6. h5 c5 7. c3 cxd4 8. Bf4 dxc3 9. Nxc3 e6 10. Rc1 Nc6 11. Nf3 a6 12. Bd3 Rd8 13. Qe2 Qa5 14. Bd2 Qb6 15. Ng5 d4 16. Na4 Qa7 17. Nxf7 Kxf7 18. Bg6+ Ke7 19. Bg5+ Nf6 20. Bc2 Kf7 21. exf6 gxf6 22. Bd2 d3 23. Qxd3 Ne5 24. Qb3 Bxa4 25. Bg6+ hxg6 26. Rc7+ Rd7 27. Rxd7+ Bxd7 28. f4 Qd4 29. Qxb7 Nd3+ 30. Ke2 Nc5 31. hxg6+ Kxg6 0-1

[Event "IOM Open-Masters 2017"]
[Site "Douglas"]
[Date "2017.09.23"]
[Round "1"]
[White "Thilakarathne, G M H"]
[Black "Watson, John"]
[Result "1/2-1/2"]
[ECO "A00"]
[WhiteElo "2053"]
[BlackElo "2247"]
[Annotator "NA"]
[PlyCount "86"]
[EventDate "2017.??.??"]
[EventType "swiss"]
[EventCountry "GBR"]
[SourceTitle "playchess.com"]
[Source "ChessBase"]
[SourceQuality "1"]
[TimeControl "40/6000+30:20/3000+30:900+30"]

1. e4 e6 2. d4 d5 3. Nc3 Bb4 4. e5 c5 5. a3 Bxc3+ 6. bxc3 Qc7 7. Qg4 f5 8. Qg3 Nc6 9. Nf3 Nge7 10. Bd2 O-O 11. Bd3 cxd4 12. cxd4 Bd7 13. O-O Be8 14. Rab1 b6 15. Qh3 Bg6 16. a4 Rab8 17. Bc1 Rfe8 18. Ba3 Rbd8 19. Bb5 h6 20. Qh4 Kf7 21. Rb3 Qb7 22. Rc3 Rc8 23. Rb1 a6 24. Bd3 Na5 25. Rxc8 Nxc8 26. Qf4 Qc6 27. g4 Qxa4 28. gxf5 Bxf5 29. Bxf5 Qxa3 30. Bh7+ Ke7 31. Nh4 Kd7 32. Ng6 Qh3 33. Rd1 Ne7 34. Nxe7 Rxe7 35. Bg6 Qc3 36. Bd3 Nc4 37. Rb1 b5 38. Kg2 g5 39. Qg4 Rf7 40. Qh5 Re7 41. Qxh6 Qxd4 42. Bxc4 Qg4+ 43. Kh1 Qf3+ 1/2-1/2

[Event "IOM Open-Masters 2017"]
[Site "Douglas"]
[Date "2017.09.24"]
[Round "2"]
[White "Karavade, Eesha"]
[Black "Kruse, Janik"]
[Result "1-0"]
[ECO "A00"]
[WhiteElo "2384"]
[BlackElo "2096"]
[Annotator "ChessBase"]
[PlyCount "59"]
[EventDate "2017.??.??"]
[EventType "swiss"]
[EventCountry "GBR"]
[SourceTitle "playchess.com"]
[Source "ChessBase"]
[SourceQuality "1"]
[TimeControl "40/6000+30:20/3000+30:900+30"]

1. Nf3 Nf6 2. c4 c6 3. g3 d5 4. Bg2 Bg4 5. Ne5 Bh5 6. cxd5 cxd5 7. Qa4+ Nbd7 8. Nc3 e6 9. g4 Bg6 10. h4 Bc2 11. Nxf7 Bxa4 12. Nxd8 Rxd8 13. Nxa4 Nxg4 14. Bh3 Ndf6 15. f3 Ne5 16. Bxe6 Bd6 17. d4 Nc6 18. Be3 Ke7 19. Bh3 Bg3+ 20. Kd2 Bxh4 21. Rac1 Ne8 22. Nc5 Na5 23. b3 Bf6 24. Kd3 b6 25. Ne6 Rd6 26. Nc7 Rd8 27. Bd2 Nb7 28. Bb4+ Nbd6 29. Nxd5+ Kf7 30. Nf4 1-0

[Event "IOM Open-Masters 2017"]
[Site "Douglas"]
[Date "2017.09.24"]
[Round "2"]
[White "Pranav, V."]
[Black "Burrows, Martin P"]
[Result "0-1"]
[ECO "A00"]
[WhiteElo "2372"]
[BlackElo "2085"]
[Annotator "ChessBase"]
[PlyCount "104"]
[EventDate "2017.??.??"]
[EventType "swiss"]
[EventCountry "GBR"]
[SourceTitle "playchess.com"]
[Source "ChessBase"]
[SourceQuality "1"]
[TimeControl "40/6000+30:20/3000+30:900+30"]

1. d4 Nf6 2. Nc3 d5 3. Bf4 a6 4. e3 Bf5 5. f3 e6 6. Bd3 Bxd3 7. Qxd3 c5 8. Nge2 Nc6 9. a3 cxd4 10. exd4 Bd6 11. O-O-O b5 12. Bxd6 Qxd6 13. Nb1 O-O 14. g4 Na5 15. b3 Rfc8 16. Kb2 Rc7 17. h4 Rac8 18. Rc1 Nd7 19. Qd2 Nc6 20. g5 Ne7 21. h5 Nf8 22. Qd3 Nf5 23. f4 Qb6 24. Nd2 a5 25. Nb1 Rc6 26. Nbc3 b4 27. axb4 axb4 28. Na4 Qa5 29. Ra1 Qc7 30. Rhc1 Nd7 31. Ra2 Qb8 32. Kb1 Qb7 33. Ng1 Nd6 34. g6 fxg6 35. hxg6 h6 36. Nf3 Ne4 37. Ne5 Nxe5 38. dxe5 Rc3 39. Qd1 Rg3 40. Ka1 Rxg6 41. Qh5 Rg3 42. Rf1 Qb5 43. Re1 Rg2 44. Kb1 Qc6 45. Qd1 Rf2 46. Rg1 Rxf4 47. Ka1 Rf2 48. Qc1 Qc7 49. Nb2 Rxc2 50. Qd1 Rc1+ 51. Qxc1 Qxc1+ 52. Rxc1 Rxc1# 0-1

[Event "IOM Open-Masters 2017"]
[Site "Douglas"]
[Date "2017.09.24"]
[Round "2"]
[White "Arakhamia-Grant, Ketevan"]
[Black "Maroroa, Sue"]
[Result "1/2-1/2"]
[ECO "A00"]
[WhiteElo "2369"]
[BlackElo "2083"]
[Annotator "ChessBase"]
[PlyCount "120"]
[EventDate "2017.??.??"]
[EventType "swiss"]
[EventCountry "GBR"]
[SourceTitle "playchess.com"]
[Source "ChessBase"]
[SourceQuality "1"]
[TimeControl "40/6000+30:20/3000+30:900+30"]

1. e4 e5 2. Nf3 Nc6 3. Bc4 Bc5 4. c3 Nf6 5. d3 d6 6. O-O a6 7. Re1 O-O 8. a4 Ba7 9. h3 Ne7 10. Nbd2 Ng6 11. d4 exd4 12. cxd4 d5 13. exd5 Nxd5 14. Ne4 c6 15. a5 h6 16. b3 Re8 17. Bd2 Bf5 18. Ng3 Qd7 19. Nxf5 Qxf5 20. Qb1 Qf6 21. Re4 Re7 22. Rxe7 Qxe7 23. Qf5 Nh4 24. Nxh4 Qxh4 25. Bxd5 cxd5 26. Ra4 Rd8 27. Be3 Qe7 28. Qg4 Qd7 29. Rb4 Qc6 30. g3 Rd6 31. Kg2 Rg6 32. Qf5 Rf6 33. Qg4 Rg6 34. Qh4 Qd7 35. Bf4 Rc6 36. Qg4 Qe7 37. Ra4 Qe4+ 38. Qf3 Qxf3+ 39. Kxf3 Rc3+ 40. Kg4 Rxb3 41. Kf5 Kf8 42. Bd6+ Ke8 43. Ke5 Rb5 44. Ra2 Kd7 45. Bf8 f6+ 46. Kf5 Bxd4 47. Bxg7 Rb2 48. Rxb2 Bxb2 49. Bxh6 d4 50. Ke4 Bc3 51. f4 Ke6 52. f5+ Kf7 53. Bf4 Bxa5 54. Kxd4 Be1 55. g4 b5 56. Kc5 Bf2+ 57. Kb4 Be1+ 58. Kc5 Bf2+ 59. Kb4 Be1+ 60. Kc5 Bf2+ 1/2-1/2

[Event "IOM Open-Masters 2017"]
[Site "Douglas"]
[Date "2017.09.24"]
[Round "2"]
[White "Paul, Johannes"]
[Black "Jonsson, Gauti Pall"]
[Result "1-0"]
[ECO "A00"]
[WhiteElo "2335"]
[BlackElo "2011"]
[Annotator "ChessBase"]
[PlyCount "75"]
[EventDate "2017.??.??"]
[EventType "swiss"]
[EventCountry "GBR"]
[SourceTitle "playchess.com"]
[Source "ChessBase"]
[SourceQuality "1"]
[TimeControl "40/6000+30:20/3000+30:900+30"]

1. d4 d5 2. c4 c6 3. Nf3 Nf6 4. e3 g6 5. Nc3 Bg7 6. cxd5 cxd5 7. Qa4+ Nc6 8. Ne5 Bd7 9. Bb5 Nb8 10. Bd2 O-O 11. Nxd7 Nbxd7 12. Bxd7 Nxd7 13. Nxd5 e5 14. dxe5 Nxe5 15. Qb3 Rc8 16. Rd1 Qh4 17. O-O b6 18. f4 Nd7 19. Be1 Qd8 20. f5 Nc5 21. Qc4 gxf5 22. Rxf5 Qe8 23. Bc3 Ne4 24. Qxc8 Qxc8 25. Ne7+ Kh8 26. Bxg7+ Kxg7 27. Nxc8 Rxc8 28. Rd7 Nf6 29. Rxa7 Rc2 30. Rf2 Rc1+ 31. Rf1 Rc2 32. Rf2 Rc1+ 33. Rf1 Rc2 34. b4 Rb2 35. e4 Rxb4 36. e5 Ne4 37. Raxf7+ Kg6 38. R7f4 1-0

[Event "IOM Open-Masters 2017"]
[Site "Douglas"]
[Date "2017.09.24"]
[Round "2"]
[White "Rathnakaran, K."]
[Black "Nahnsen, Kenneth"]
[Result "1-0"]
[ECO "A00"]
[WhiteElo "2326"]
[BlackElo "2011"]
[Annotator "ChessBase"]
[PlyCount "55"]
[EventDate "2017.??.??"]
[EventType "swiss"]
[EventCountry "GBR"]
[SourceTitle "playchess.com"]
[Source "ChessBase"]
[SourceQuality "1"]
[TimeControl "40/6000+30:20/3000+30:900+30"]

1. e4 d6 2. d4 Nf6 3. Nc3 Nbd7 4. f4 c5 5. e5 cxd4 6. Qxd4 dxe5 7. fxe5 Ng8 8. Nf3 e6 9. Ne4 Qb6 10. Be3 Qxd4 11. Bxd4 Nh6 12. O-O-O Be7 13. Nd6+ Bxd6 14. exd6 Nf5 15. Bf2 Nf6 16. Ne5 Nd7 17. Bb5 a6 18. Bxd7+ Bxd7 19. Bb6 Rc8 20. g4 Nh6 21. Bc7 b5 22. Rhg1 f6 23. Nd3 Nf7 24. Nc5 a5 25. g5 f5 26. Nxe6 Bxe6 27. d7+ Bxd7 28. Rge1+ 1-0

[Event "IOM Open-Masters 2017"]
[Site "Douglas"]
[Date "2017.09.24"]
[Round "2"]
[White "Rudolf, Anna"]
[Black "Acosta, Mariano"]
[Result "1-0"]
[ECO "A00"]
[WhiteElo "2286"]
[BlackElo "1988"]
[Annotator "ChessBase"]
[PlyCount "155"]
[EventDate "2017.??.??"]
[EventType "swiss"]
[EventCountry "GBR"]
[SourceTitle "playchess.com"]
[Source "ChessBase"]
[SourceQuality "1"]
[TimeControl "40/6000+30:20/3000+30:900+30"]

1. e4 e5 2. Nc3 Bc5 3. g3 d6 4. Bg2 a6 5. d3 Nc6 6. f4 exf4 7. Bxf4 Nge7 8. Qd2 Ng6 9. Bg5 f6 10. Be3 Bxe3 11. Qxe3 O-O 12. O-O-O Re8 13. h4 Nge5 14. h5 h6 15. d4 Nf7 16. Qf4 Ng5 17. Nf3 Nxf3 18. Bxf3 Rf8 19. g4 Ne7 20. d5 Bd7 21. Ne2 Kh8 22. Nd4 Qe8 23. Be2 Nc8 24. Nf3 Kg8 25. Bd3 Rf7 26. Rhg1 b5 27. Qd2 Nb6 28. e5 dxe5 29. Bg6 Nc4 30. Qc3 Rc8 31. Nd2 Nd6 32. Qd3 Qe7 33. Bxf7+ Qxf7 34. Kb1 Rd8 35. Ne4 Bc8 36. Nc5 a5 37. a3 Qe8 38. Ne4 Bb7 39. Nxd6 Rxd6 40. Qc3 Qd7 41. Qxa5 Bxd5 42. Kc1 Bf3 43. Rxd6 cxd6 44. Qb4 d5 45. b3 d4 46. a4 bxa4 47. bxa4 Bxg4 48. a5 Bf3 49. a6 Kh7 50. Qa3 Be4 51. Re1 Bd5 52. Qc5 Ba8 53. Kb2 Qc6 54. Qxc6 Bxc6 55. Kb3 g6 56. Kc4 gxh5 57. Kc5 Ba8 58. Rg1 h4 59. Rg4 h5 60. Rxh4 Kg6 61. Rh3 Kg5 62. Rg3+ Kf4 63. Rg8 Be4 64. a7 h4 65. a8=Q Bxa8 66. Rxa8 h3 67. Rh8 Kg3 68. Rg8+ Kf4 69. Rf8 Ke4 70. Rxf6 h2 71. Rh6 d3 72. Rh4+ Ke3 73. Rh3+ Kd2 74. cxd3 h1=Q 75. Rxh1 Kxd3 76. Rd1+ Ke2 77. Rd5 e4 78. Kd4 1-0

[Event "IOM Open-Masters 2017"]
[Site "Douglas"]
[Date "2017.09.24"]
[Round "2"]
[White "Byron, Alan M"]
[Black "Cornette, Deimante"]
[Result "0-1"]
[ECO "A00"]
[WhiteElo "2074"]
[BlackElo "2404"]
[Annotator "ChessBase"]
[PlyCount "68"]
[EventDate "2017.??.??"]
[EventType "swiss"]
[EventCountry "GBR"]
[SourceTitle "playchess.com"]
[Source "ChessBase"]
[SourceQuality "1"]
[TimeControl "40/6000+30:20/3000+30:900+30"]

1. e4 e5 2. Nf3 Nc6 3. Bb5 a6 4. Ba4 Nge7 5. c3 g6 6. d4 exd4 7. cxd4 b5 8. Bb3 Bg7 9. d5 Na5 10. Bd2 Nxb3 11. Qxb3 c5 12. Bc3 f6 13. d6 Nc6 14. Qd5 b4 15. Bd2 Bb7 16. Qxc5 f5 17. Bg5 Qa5 18. Qe3 Bxb2 19. exf5+ Ne5 20. Bf6 Bxf3 21. Bxh8 Bxg2 22. Nd2 b3 23. Rd1 Bxh1 24. Kf1 Qd5 25. Qg5 Qg2+ 26. Qxg2 Bxg2+ 27. Kxg2 bxa2 28. Nb3 Kf7 29. fxg6+ hxg6 30. Bxe5 Bxe5 31. f4 Bf6 32. Na1 Rb8 33. Rd2 Bxa1 34. Rxa2 Rb2+ 0-1